 Dungeon Crawl Stone Soup version bcrawl-1.29.2 (console) character file.

Game seed: 556885153447419430

489796 GodsVoicemail the Grappler (level 15, -5/161 HPs)
             Began as an Ent Earth Elementalist on Mar 2, 2021.
             Was a Priest of Cheibriados.
             Slain by a jumping spider (10 damage)
             ... while paralysed
             ... on level 2 of the Spider Nest on Mar 3, 2021.
             The game lasted 03:42:51 (23358 turns).

GodsVoicemail the Grappler (EnEE)                  Turns: 23358, Time: 03:42:52

Health: -5/161     AC: 23    Str: 40    XL:     15   Next: 46%
Magic:  30/31      EV:  1    Int: 30    God:    Cheibriados [***...]
Gold:   1873       SH:  0    Dex: 18    Spells: 17/39 levels left

rFire    . . .     SeeInvis .     - Branches (43.1)
rCold    . . .     Gourm    .   (no shield)
rNeg     + + +     Faith    .   (armour unavailable)
rPois    +         Spirit   .   t - +1 hat
rElec    .         Reflect  .   (no cloak)
rCorr    .         Harm     .   (gloves unavailable)
MR       +....                  (boots unavailable)
Stlth    +++.......             o - amulet of magic regeneration
HPRegen  0.36/turn              p - +8 ring of strength
MPRegen  0.47/turn              D - +8 ring of strength

@: paralysed, lethally poisoned (-5 -> -5), berserk cooldown, slowed, very slow
A: large, slow actions, passwall, negative energy resistance 3, poison
resistance, slow metabolism 1, torment resistance, unbreathing, AC +22
a: Passwall, Bend Time, Temporal Distortion, Renounce Religion


You were on level 2 of the Spider Nest.
You worshipped Cheibriados.
Cheibriados was most pleased with you.
You were hungry.

You visited 5 branches of the dungeon, and saw 22 of its levels.

You collected 1873 gold pieces.

Inventory:

Hand Weapons
 b - a +3 hunting sling of flaming
Missiles
 a - 2149 arrows
 c - 560 sling bullets
 d - 2 throwing nets {=f}
 k - 3582 stones
 K - 25 curare-tipped needles
 M - 86 large rocks (quivered)
 R - 47 poisoned tomahawks
Armour
 g - the +0 large shield of Rinue {rElec rCorr Str-4 Int+4}
   (You acquired it on level 8 of the Dungeon)

   It affects your strength (-4).
   It affects your intelligence (+4).
   It insulates you from electricity.
   It provides partial protection from all sources of acid and corrosion.
 t - a +1 hat (worn)
Jewellery
 o - an amulet of magic regeneration (around neck)
 p - a +8 ring of strength (left hand)
 y - a +4 ring of intelligence
 D - a +8 ring of strength (right hand)
 E - the ring of Recklessness {AC+4 Stlth+}
   (You found it on level 6 of the Lair of Beasts)

   [ring of protection]

   It affects your AC (+4).
   It makes you more stealthy.
 F - an uncursed amulet of the acrobat
 I - an uncursed ring of see invisible
Wands
 u - a wand of digging (14)
 x - a wand of enslavement (15)
 z - a wand of paralysis (1)
 H - a wand of random effects (3)
 J - a wand of clouds (5)
 L - a wand of iceblast (9)
Scrolls
 h - 7 scrolls of teleportation
 q - 6 scrolls of fear
 v - 3 scrolls of magic mapping
 w - 9 scrolls of remove curse
 A - 4 scrolls of enchant armour
 B - 6 scrolls of amnesia
 G - a scroll of vulnerability
 N - a scroll of torment
 O - a scroll of summoning
 Q - a scroll of fog
Potions
 f - 2 potions of cancellation
 i - a potion of ambrosia
 j - 4 potions of mutation
 l - 2 potions of flight
 m - a potion of resistance
 s - 4 potions of curing
 C - 2 potions of brilliance
 P - a potion of heal wounds
Miscellaneous
 n - a lightning rod (4/4)
 r - a fan of gales (2/2)
 S - a lightning rod (4/4)
Comestibles
 e - 19 rations {!d}
 T - a chunk of flesh


   Skills:
 + Level 10.1 Fighting
 - Level 2.0 Throwing
 - Level 6.1 Dodging
 - Level 6.0 Stealth
 - Level 5.9 Shields
 * Level 14.6 Unarmed Combat
 * Level 12.9 Spellcasting
 - Level 5.6 Conjurations
 - Level 2.0 Charms
 - Level 3.0 Translocations
   Level 1.1 Transmutations
 - Level 2.0 Air Magic
 - Level 9.9 Earth Magic
 - Level 2.0 Poison Magic
 + Level 10.2 Invocations
 - Level 4.0 Evocations


You had 17 spell levels left.
You knew the following spells:

 Your Spells              Type           Power        Failure   Level  Hunger
a - Sandblast             Erth           ######       1%          1    None
b - Stone Arrow           Conj/Erth      ######       1%          3    None
c - Lee's Rapid Deconstr  Erth           ######....   1%          5    ##.....
d - Mephitic Cloud        Conj/Pois/Air  #####...     1%          3    None
e - Beckoning             Tloc           #####.....   2%          3    None
f - Summon Butterflies    Summ           ###.....     2%          1    None
g - Apportation           Tloc           #####.       1%          1    None
h - Sublimation of Blood  Necr           ###.......   4%          2    None
i - Regeneration          Chrm/Necr      ####......   5%          3    None

Your spell library contained the following spells:

 Spells                   Type           Power        Failure   Level  Hunger
 Infusion                 Chrm           ####....     1%          1    None
 Magic Dart               Conj           ####         1%          1    None
 Poisonous Vapours        Pois/Air       ####..       1%          2    None
 Searing Ray              Conj           ######..     1%          2    None
 Song of Slaying          Chrm           ####....     1%          2    None
 Iskenderun's Mystic Bla  Conj           ######..     1%          3    None
 Freeze                   Ice            ###...       2%          1    None
 Summon Small Mammal      Summ           ###.         2%          1    None
 Conjure Flame            Conj/Fire      #####...     2%          3    None
 Petrify                  Tmut/Erth      ######....   2%          4    None
 Call Imp                 Summ           ###...       4%          2    None
 Corpse Rot               Necr           N/A          4%          2    None
 Ensorcelled Hibernation  Hex/Ice        ###...       4%          2    None
 Ozocubu's Armour         Chrm/Ice       ####....     5%          3    None
 Spectral Weapon          Hex/Chrm       ####....     5%          3    None
 Call Canine Familiar     Summ           ###.....     8%          3    None
 Tukima's Dance           Hex            ###.....     8%          3    None
 Fulminant Prism          Conj/Hex       #####.....   9%          4    None
 Throw Icicle             Conj/Ice       #####...     9%          4    None
 Iron Shot                Conj/Erth      ######....   16%         6    ####...
 Irradiate                Conj/Tmut      #####.....   19%         5    ##.....
 Bolt of Draining         Conj/Necr      #####.....   22%         5    ##.....
 Agony                    Necr           ###.....     26%         4    None
 Summon Ice Beast         Ice/Summ       ###.....     26%         4    None
 Summon Lightning Spire   Summ/Air       ####....     43%         5    ##.....
 Borgnjor's Vile Clutch   Necr/Erth      #####.....   45%         6    ####...
 Poison Arrow             Conj/Pois      #####.....   63%         6    ####...
 Orb of Destruction       Conj           ######....   91%         7    #####..
 Freezing Cloud           Ice/Air        ####......   95%         6    ####...
 Steam Barrier            Chrm/Fire      ####......   95%         6    ####...
 Invisibility             Hex            ###.....     99%         6    ####...
 Spellforged Servitor     Conj/Summ      #####.....   100%        7    #####..
 Time Stop                Chrm/Tloc      N/A          100%        8    #######
 Passwall                 Tmut/Erth      Unusable     N/A         2    N/A

Dungeon Overview and Level Annotations

Branches:
Dungeon (12/12)            Temple (1/1) D:6            Lair (6/6) D:9
 Shoals (0/3) Lair:2       Spider (2/3) Lair:4        Slime (0/5) Lair:6
    Orc (0/1) D:10         Vaults (0/3) D:11         Depths (1/5) D:12

Altars:
Ashenzari
Cheibriados
Dithmenos
Elyvilon
Fedhas
Gozag
Hepliaklqana
Kikubaaqudgha
Lugonu
Makhleb
Nemelex Xobeh
Okawaru
Qazlal
Ru
Sif Muna
Trog
Uskayaw
Vehumet
Wu Jian
Xom
Yredelemnul
Zin
The Shining One
Jiyva

Shops:
D:4 [   D:5 %   D:9 [

Portals:
Ziggurat: Depths:1

Annotations:
D:5 1 runed translucent door, yrara's ghost, novice DsFi
D:6 3 runed translucent doors, dcsswall's ghost, novice DrAc
D:7 3 runed translucent doors, exclusion: downstairs, GodsVoicemail's ghost, novice EnEE
D:9 2 transporters, GodsVoicemail's ghost, journeyman DsWz
D:12 exclusion: downstairs
Lair:6 exclusion: 4 oklob plants
Depths:1 exclusion: ice dragon


Innate Abilities, Weirdness & Mutations

You move and act slowly.
You can pass through walls and trees.
Your thick bark is tough. (AC +22)
You are too large for most types of armour.
You are immune to negative energy. (rN+++)
Your system is resistant to poisons. (rPois)
You have a slow metabolism.
You are immune to unholy pain and torment.
You can survive without breathing.


Message History

The jumping spider bites you but does no damage.
The jumping spider pounces on you!
* * * LOW HITPOINT WARNING * * *
The jumping spider bites you but does no damage.
The jumping spider pounces on you but does no damage.
The jumping spider bites you but does no damage.
The jumping spider pounces on you.
* * * LOW HITPOINT WARNING * * *
The jumping spider bites you!
* * * LOW HITPOINT WARNING * * *
The jumping spider pounces on you but does no damage.
The jumping spider bites you but does no damage.
Your skin stops crawling.
The jumping spider pounces on you.
* * * LOW HITPOINT WARNING * * *
The jumping spider bites you but does no damage.
The jumping spider pounces on you!!
* * * LOW HITPOINT WARNING * * *
The jumping spider bites you!
You die...

..#.#... .. ###
....#..^#...##.>. #
..[....^#...........
#.#...#.... #...#.....^.
#......... ...#...#...##.
#..##..^.###..#..........
##.....#.†[...#........#
#...(..#s@†...#≈^.....####
#.....†.†.†..##≈#......##≈
##..#...##..........#^..≈≈
... #..†..#......#.###..≈≈
##..........#...#^....##.≈≈
....#.....#....#......≈##<
..#...#.#...#.#........##.
.# #
.^........#..^.....###..
...
...)##y.....#..###........


You could see a jumping spider (berserk).

Vanquished Creatures
  Gastronok (D:8)
  Kirke (Spider:1)
  An emperor scorpion (Spider:1)
  Snorg (D:12)
  2 rakshasas (D:12)
  6 hydras
  An anaconda (Lair:5)
  6 vault guards
  A centaur warrior (D:11)
  4 two-headed ogres
  A tengu warrior (D:11)
  11 death yaks
  An unseen horror (D:11)
  A death drake (shapeshifter) (D:12)
  8 orb spiders
  A cyclops (D:11)
  3 ugly things (D:11)
  5 elephants
  An oklob plant (Lair:1)
  8 wolf spiders
  6 black mambas
  A moth of wrath (Spider:2)
  Joseph (D:8)
  27 cane toads
  A water nymph (Lair:2)
  2 gargoyles
  A freezing wraith (D:10)
  2 rime drakes
  An efreet (D:12)
  5 demonic crawlers (Spider:1)
  9 komodo dragons
  2 trolls
  6 jumping spiders
  2 tengu conjurers (D:11)
  5 dream sheep (Lair:6)
  A polar bear (Lair:2)
  A tyrant leech (shapeshifter) (D:12)
  Prince Ribbit (D:8)
  A hornet (Spider:2)
  3 tyrant leeches (Lair:6)
  16 blink frogs
  8 hippogriffs
  A hippogriff (shapeshifter) (D:9)
  13 slime creatures
  A vampire (D:10)
  2 water elementals (Lair:2)
  A tarantella (shapeshifter) (D:12)
  9 redbacks
  39 yaks
  2 wraiths
  3 tarantellas
  9 hogs
  A hungry ghost (D:7)
  A human (D:7)
  2 basilisks
  12 vampire mosquitoes
  2 acid dragons
  16 crocodiles
  10 water moccasins
  5 porcupines
  7 orc warriors
  4 ogres
  3 phantoms
  2 sky beasts
  2 necrophages
  4 wolves (Lair:5)
  5 boggarts (D:12)
  3 centaurs (D:6)
  3 big kobolds
  21 bullfrogs
  Blork the orc (D:6)
  A wyvern skeleton (D:7)
  3 scorpions
  8 killer bees
  3 wights (D:9)
  4 electric eels
  A howler monkey (D:7)
  6 crimson imps
  A bullfrog zombie (D:5)
  2 quasits
  2 hounds
  7 orc priests
  A bullfrog skeleton (D:8)
  5 centaur skeletons
  4 iguanas
  10 orc wizards
  4 worker ants
  A human simulacrum (D:11)
  A hound skeleton (D:4)
  A mummy (D:9)
  Robin (D:3)
  2 howler monkey skeletons
  11 adders
  6 shadow imps
  2 adder skeletons
  5 worms
  43 orcs
  4 bats
  2 giant cockroaches
  13 goblins
  8 hobgoblins
  2 jackals (D:2)
  A ball python (D:4)
  4 frilled lizards
  3 hobgoblin zombies (D:5)
  12 kobolds
  A kobold skeleton (D:5)
  A kobold zombie (D:5)
  2 orc skeletons (D:5)
  A quokka skeleton (D:5)
  8 rats
547 creatures vanquished.

Vanquished Creatures (collateral kills)
  An orb spider (Spider:1)
  A tarantella (Spider:1)
2 creatures vanquished.

Vanquished Creatures (others)
  2 vault guards (D:11)
  A two-headed ogre (D:11)
  A jumping spider (Spider:1)
  A human simulacrum (D:11)
  3 jackals (D:3)
  2 bushes (Lair:6)
  43 fungi
  81 plants
134 creatures vanquished.

Grand Total: 683 creatures vanquished

Notes
Turn   | Place    | Note
-------+----------+-------------------------------------------
     0 | D:1      | GodsVoicemail the Ent Earth Elementalist began the quest
                  | for the Orb.
     0 | D:1      | Reached XP level 1. HP: 18/18 MP: 3/3
   593 | D:2      | Reached XP level 2. HP: 24/26 MP: 3/5
   738 | D:2      | Reached skill level 1 in Unarmed Combat
   943 | D:2      | Found a stormy altar of Qazlal.
  1072 | D:2      | Reached XP level 3. HP: 21/33 MP: 3/6
  1596 | D:3      | Found a glowing silver altar of Zin.
  1596 | D:3      | Noticed an angel
  1608 | D:3      | Reached skill level 2 in Unarmed Combat
  1608 | D:3      | Found a shimmering altar of Xom.
  1684 | D:3      | Learned a level 3 spell: Stone Arrow
  1694 | D:3      | Reached XP level 4. HP: 32/42 MP: 7/7
  2168 | D:3      | Noticed Robin
  2197 | D:3      | Killed Robin
  2236 | D:3      | Reached skill level 5 in Earth Magic
  2398 | D:3      | Reached skill level 3 in Unarmed Combat
  2398 | D:3      | Reached XP level 5. HP: 50/50 MP: 8/8
  2461 | D:3      | Noticed an ogre
  2641 | D:3      | Killed an ogre
  2642 | D:3      | Reached skill level 1 in Fighting
  2642 | D:3      | Reached XP level 6. HP: 60/60 MP: 0/9
  2859 | D:4      | Found a hide-covered altar of Uskayaw.
  2859 | D:4      | Found Wuegoext's Antique Armour Boutique.
  2888 | D:4      | Reached skill level 4 in Unarmed Combat
  3233 | D:5      | Entered Level 5 of the Dungeon
  3259 | D:5      | Found a glowing golden altar of the Shining One.
  3383 | D:5      | Found a runed translucent door.
  3461 | D:5      | Reached XP level 7. HP: 71/71 MP: 10/10
  3551 | D:5      | Found Idunko's Food Boutique.
  4008 | D:5      | Found a shimmering blue altar of Sif Muna.
  4030 | D:5      | Noticed yrara's ghost (novice DsFi)
  4091 | D:6      | Found a staircase to the Ecumenical Temple.
  4117 | Temple   | Entered the Ecumenical Temple
  4379 | D:6      | Noticed a wraith
  4540 | D:7      | Noticed a hog
  4540 | D:7      | Noticed a human
  4540 | D:7      | Noticed a hog
  4540 | D:7      | Noticed a hog
  4540 | D:7      | Noticed a hog
  4551 | D:7      | Killed a hog
  4566 | D:7      | Killed a hog
  4567 | D:7      | Reached skill level 5 in Unarmed Combat
  4570 | D:7      | Killed a hog
  4571 | D:7      | Reached XP level 8. HP: 48/81 MP: 0/11
  4722 | D:7      | Noticed a two-headed ogre
  4883 | D:7      | Noticed a hippogriff
  4891 | D:7      | Killed a hippogriff
  4892 | D:7      | Reached skill level 6 in Unarmed Combat
  4993 | D:7      | Found a runed translucent gate.
  4994 | D:7      | Found a runed translucent gate.
  4995 | D:7      | Found a runed translucent gate.
  4996 | D:7      | Noticed GodsVoicemail's ghost (novice EnEE)
  5316 | D:6      | Noticed Blork the orc
  5323 | D:6      | Killed Blork the orc
  5353 | D:6      | Reached XP level 9. HP: 92/92 MP: 9/12
  5429 | D:6      | Found a shadowy altar of Dithmenos.
  6008 | D:5      | Reached skill level 7 in Unarmed Combat
  6389 | D:6      | Found a runed translucent gate.
  6389 | D:6      | Found a runed translucent gate.
  6389 | D:6      | Found a runed translucent gate.
  6391 | D:6      | Found an opulent altar of Gozag.
  6403 | D:6      | Noticed dcsswall's ghost (novice DrAc)
  6512 | D:7      | Killed a two-headed ogre
  6513 | D:7      | Reached skill level 5 in Fighting
  6513 | D:7      | Reached skill level 5 in Stealth
  6587 | D:7      | Reached skill level 8 in Unarmed Combat
  6778 | D:7      | Reached XP level 10. HP: 106/106 MP: 3/13
  6879 | D:8      | Noticed Gastronok
  6879 | D:8      | Noticed Prince Ribbit
  6924 | D:8      | Noticed Joseph
  6979 | D:8      | Identified a scroll of acquirement
  6979 | D:8      | Identified the +0 large shield of Rinue {rElec rCorr Str-4
                  | Int+4} (You acquired it on level 8 of the Dungeon)
  6979 | D:8      | Identified the ring "Maihawk" {Ice rElec} (You acquired it
                  | on level 8 of the Dungeon)
  6979 | D:8      | Identified Eqifox's Collected Works on Calling (You
                  | acquired it on level 8 of the Dungeon)
  7200 | D:8      | Reached skill level 1 in Shields
  7251 | D:8      | Killed Prince Ribbit
  7354 | D:8      | Killed Joseph
  7408 | D:8      | Reached skill level 9 in Unarmed Combat
  7480 | D:8      | Found an opulent altar of Gozag.
  7492 | D:8      | Learned a level 6 spell: Iron Shot
  7515 | D:8      | Noticed a moth of wrath
  7519 | D:8      | Found a bloodstained altar of Trog.
  7942 | D:9      | Reached skill level 1 in Conjurations
  7989 | D:9      | Found Awnaxkoe's Antique Armour Emporium.
  8034 | D:9      | Found a transporter.
  8034 | D:9      | Noticed GodsVoicemail's ghost (journeyman DsWz)
  8037 | D:9      | Noticed a moth of wrath
  8088 | D:9      | Found a blossoming altar of Fedhas.
  8295 | D:9      | Found a snail-covered altar of Cheibriados.
  8309 | D:9      | Became a worshipper of Cheibriados the Contemplative
  8311 | D:9      | Noticed a two-headed ogre
  8406 | D:9      | Noticed a two-headed ogre
  8486 | D:9      | Noticed an elephant
  8602 | D:9      | Reached skill level 1 in Invocations
  8614 | D:9      | Found a shadowy altar of Dithmenos.
  8663 | D:9      | Found a transporter.
  8749 | D:9      | Reached * piety under Cheibriados
  8833 | D:9      | Killed a two-headed ogre
  8834 | D:9      | Reached skill level 10 in Unarmed Combat
  8834 | D:9      | Reached XP level 11. HP: 81/113 MP: 1/15
  8983 | D:9      | Found a staircase to the Lair.
  9008 | D:9      | Killed a two-headed ogre
  9112 | Lair:1   | Entered Level 1 of the Lair of Beasts
  9197 | Lair:1   | Learned a level 5 spell: Lee's Rapid Deconstruction
  9256 | Lair:1   | Noticed an oklob plant
  9438 | D:9      | Identified the amulet "Akiujajabb" {Regen rPois rN+++ Int-4
                  | Dex+4} (You acquired it on level 9 of the Dungeon)
  9438 | D:9      | Identified the Disquisition on the Glacier and the Compass
                  | (You acquired it on level 9 of the Dungeon)
  9637 | Lair:1   | Reached skill level 5 in Shields
 10227 | Lair:1   | Learned a level 3 spell: Beckoning
 10257 | Lair:2   | Reached skill level 5 in Spellcasting
 10257 | Lair:2   | Reached skill level 5 in Conjurations
 10516 | Lair:2   | Reached skill level 1 in Translocations
 10957 | Lair:2   | Reached XP level 12. HP: 121/121 MP: 15/20
 11033 | Lair:2   | Learned a level 3 spell: Mephitic Cloud
 11139 | Lair:2   | Reached ** piety under Cheibriados
 11140 | Lair:2   | Reached skill level 11 in Unarmed Combat
 11375 | Lair:3   | Noticed a five-headed hydra
 11551 | Lair:3   | Killed a five-headed hydra
 11566 | Lair:3   | Noticed a five-headed hydra
 11569 | Lair:3   | Noticed a death yak
 11570 | Lair:3   | Killed a five-headed hydra
 11571 | Lair:3   | Reached skill level 1 in Air Magic
 11571 | Lair:3   | Reached skill level 1 in Poison Magic
 11576 | Lair:3   | Noticed a death yak
 11813 | Lair:3   | Noticed a death yak
 11820 | Lair:3   | Noticed a death yak
 11849 | Lair:3   | Reached skill level 5 in Invocations
 12501 | Lair:4   | Noticed a seven-headed hydra
 12865 | Lair:4   | Found a hole to the Spider Nest.
 12894 | Lair:5   | Noticed an anaconda
 13136 | Lair:5   | Killed an anaconda
 13274 | Lair:5   | Noticed a death yak
 13275 | Lair:5   | Noticed a death yak
 13275 | Lair:5   | Noticed a death yak
 13277 | Lair:5   | Noticed a death yak
 13277 | Lair:5   | Noticed a death yak
 13278 | Lair:5   | Noticed a death yak
 13386 | Lair:5   | Noticed a five-headed hydra
 13394 | Lair:5   | Killed a five-headed hydra
 13553 | Lair:5   | Noticed a death yak
 13924 | Lair:5   | Killed a death yak
 13929 | Lair:5   | Killed a death yak
 13930 | Lair:5   | Reached skill level 12 in Unarmed Combat
 13933 | Lair:5   | Killed a death yak
 13934 | Lair:5   | Reached XP level 13. HP: 120/134 MP: 19/25
 13935 | Lair:5   | Reached skill level 5 in Dodging
 13942 | Lair:5   | Reached skill level 1 in Evocations
 14117 | Lair:6   | Entered Level 6 of the Lair of Beasts
 14269 | Lair:6   | Reached *** piety under Cheibriados
 14780 | Lair:6   | Reached **** piety under Cheibriados
 14915 | Lair:6   | Reached skill level 10 in Spellcasting
 15296 | Lair:6   | Reached skill level 13 in Unarmed Combat
 15361 | Lair:6   | Reached ***** piety under Cheibriados
 15482 | Lair:6   | Reached XP level 14. HP: 126/148 MP: 21/28
 15607 | Lair:6   | Learned a level 1 spell: Summon Butterflies
 15609 | Lair:6   | Learned a level 1 spell: Apportation
 15685 | Lair:6   | Got a faintly glowing bronze ring
 15696 | Lair:6   | Identified the ring of Recklessness {AC+4 Stlth+} (You
                  | found it on level 6 of the Lair of Beasts)
 15737 | Lair:6   | Learned a level 2 spell: Sublimation of Blood
 16930 | D:8      | Killed Gastronok
 16931 | D:8      | Reached skill level 1 in Throwing
 17066 | D:10     | Entered Level 10 of the Dungeon
 17260 | D:10     | Found a staircase to the Orcish Mines.
 18450 | D:11     | Found a gate to the Vaults.
 19411 | Lair:6   | Found a viscous altar of Jiyva.
 19412 | Lair:6   | Found a staircase to the Slime Pits.
 19473 | Spider:1 | Entered Level 1 of the Spider Nest
 19473 | Spider:1 | Noticed Kirke
 19485 | Spider:1 | Killed Kirke
 19566 | Spider:1 | Reached skill level 14 in Unarmed Combat
 19676 | Spider:1 | Noticed an emperor scorpion
 19711 | Spider:1 | Killed an emperor scorpion
 20026 | Spider:1 | Reached XP level 15. HP: 27/159 MP: 26/31
 20189 | Spider:1 | Got a jewelled hand crossbow
 20193 | Spider:1 | Identified the cursed +2 hand crossbow of Wofaitt {speed,
                  | rF+} (You found it on level 1 of the Spider Nest)
 20636 | D:12     | Entered Level 12 of the Dungeon
 20636 | D:12     | Found a sparkling altar of Nemelex Xobeh.
 20821 | D:11     | Learned a level 3 spell: Regeneration
 21763 | D:12     | Reached skill level 1 in Charms
 22162 | D:12     | Found a radiant altar of Vehumet.
 22385 | D:12     | Noticed Snorg
 22398 | D:12     | Killed Snorg
 22457 | D:12     | Reached skill level 10 in Fighting
 22586 | D:12     | Reached skill level 10 in Invocations
 22844 | D:12     | Found a staircase to the Depths.
 22961 | Depths:1 | Entered Level 1 of the Depths
 22961 | Depths:1 | Found a gateway to a ziggurat.
 22961 | Depths:1 | Found the +0 mask of the Dragon {MR+ Slay+3 SInv}
 23358 | Spider:2 | HP: 5/161 [jumping spider (24)]
 23358 | Spider:2 | Slain by a jumping spider

Skill      XL: |  1  2  3  4  5  6  7  8  9 10 11 12 13 14 15 |
---------------+----------------------------------------------+-----
Unarmed Combat | 1 2 3 4 5 6 8 10 12 13 14 | 14.6
Earth Magic    | 4 5 6 7 8 9 |  9.9
Fighting       | 1 2 3 4 5 7 8 9 10 | 10.1
Stealth        | 3 4 5 6 |  6.0
Dodging        | 2 3 4 6 |  6.1
Shields        | 4 5 |  5.9
Conjurations   | 4 5 |  5.6
Invocations    | 2 4 6 7 9 10 | 10.2
Spellcasting   | 3 5 8 10 12 | 12.9
Translocations | 1 2 3 |  3.0
Air Magic      | 2 |  2.0
Poison Magic   | 2 |  2.0
Evocations     | 3 4 |  4.0
Throwing       | 2 |  2.0
Charms         | 2 |  2.0
Transmutations | |  1.1

Action                   |  1- 3 |  4- 6 |  7- 9 | 10-12 | 13-15 || total
-------------------------+-------+-------+-------+-------+-------++-------
Melee: Unarmed           |   134 |   181 |   189 |   252 |   504 ||  1260
       Punch             |     1 |       |     5 |    13 |    55 ||    74
 Fire: Hunting sling     |       |       |    13 |   102 |   109 ||   224
Throw: Large rock        |       |       |       |       |     9 ||     9
 Cast: Sandblast         |     9 |    12 |    22 |   124 |    39 ||   206
       Stone Arrow       |       |     6 |    47 |   106 |   131 ||   290
       Lee's Rapid Decon |       |       |       |     6 |    38 ||    44
       Mephitic Cloud    |       |       |       |     1 |     1 ||     2
       Apportation       |       |       |       |       |    23 ||    23
       Summon Butterflie |       |       |       |       |     6 ||     6
       Beckoning         |       |       |       |       |     4 ||     4
       Regeneration      |       |       |       |       |    16 ||    16
Invok: Bend Time         |       |       |       |    28 |    57 ||    85
       Slouch            |       |       |       |       |     7 ||     7
       Temporal Distorti |       |       |       |       |     5 ||     5
 Abil: Passwall          |       |       |     1 |       |     1 ||     2
Evoke: Wand              |       |       |     8 |     4 |    11 ||    23
       Fan of gales      |       |       |       |     1 |       ||     1
  Use: Scroll            |       |    11 |     5 |    15 |    10 ||    41
       Potion            |       |       |     2 |     9 |     4 ||    15
 Stab: Sleeping          |     8 |     3 |     4 |     4 |       ||    19
       Invisible         |       |       |     1 |       |       ||     1
       Confused          |       |       |       |     1 |       ||     1
       Distracted        |       |       |       |       |     1 ||     1
  Eat: Chunk             |     4 |     8 |    45 |    67 |    22 ||   146
       Ration            |       |     1 |     2 |     1 |     4 ||     8
Armor: Skin              |    67 |   154 |   123 |   196 |   497 ||  1037
Dodge: Dodged            |    94 |   132 |   145 |   244 |   617 ||  1232
Block: Large shield      |       |       |       |    47 |       ||    47
